 Dungeon Crawl Stone Soup version 0.26.1-11-gd32895ea62 (webtiles) character file.

Game seed: 234679002139995509

1046 bnorton916 the Magician (level 8, -6/41 HPs)
             Began as a Deep Elf Ice Elementalist on July 5, 2021.
             Was an Initiate of Vehumet.
             Killed by divine providence
             ... invoked by an orc priest
              (11 damage)
             ... on level 5 of the Dungeon.
             The game lasted 00:11:28 (6498 turns).

bnorton916 the Magician (Deep Elf Ice Elementalist) Turns: 6498, Time: 00:11:28

Health: -6/41      AC:  6    Str:  6    XL:     8   Next: 5%
Magic:  20/20      EV: 16    Int: 22    God:    Vehumet [......]
Gold:   373        SH:  5    Dex: 15    Spells: 6/21 levels left

rFire    . . .     SeeInvis .   t - +2 dagger (elec)
rCold    . . .     Faith    .   (no shield)
rNeg     . . .     Spirit   .   a - +0 robe
rPois    .         Reflect  +   u - +0 helmet
rElec    .         Harm     .   (no cloak)
rCorr    .         Rampage  .   (no gloves)
Will     +....                  b - +2 pair of boots {Stlth+}
Stlth    +++.......             c - amulet of reflection
HPRegen  0.13/turn              k - ring of willpower
MPRegen  0.17/turn              (no ring)

@: no status effects
A: no striking features
a: Renounce Religion


You were on level 5 of the Dungeon.
You worshipped Vehumet.
Vehumet was noncommittal.
You visited 1 branch of the dungeon, and saw 6 of its levels.

You collected 373 gold pieces.

Inventory:

Hand Weapons
 f - a +0 short sword of venom
 n - a +2 vampiric dagger
 s - a +2 short sword of speed
 t - a +2 dagger of electrocution (weapon)
Armour
 a - a +0 robe (worn)
 b - a +2 pair of boots of stealth (worn)
 u - a +0 helmet (worn)
Magical Staves
 r - an uncursed staff of death
Jewellery
 c - an amulet of reflection (around neck)
 k - a ring of willpower (left hand)
Scrolls
 d - 3 scrolls of enchant weapon
 e - 3 scrolls of enchant armour {unknown}
 j - a scroll of noise {unknown}
 m - 2 scrolls of blinking {unknown}
 o - a scroll of remove curse
 p - 4 scrolls of identify
 q - 3 scrolls of teleportation {unknown}
Potions
 g - 4 potions of haste
 h - a potion of brilliance {unknown}
 i - 4 potions of curing
 l - a potion of invisibility


   Skills:
 * Level 6.9 Dodging
 - Level 2.4 Stealth
 + Level 7.2 Spellcasting
 * Level 2.5 Conjurations
 + Level 7.1 Ice Magic


You had 6 spell levels left.
You knew the following spells:

 Your Spells              Type           Power        Failure   Level
a - Freeze                Ice            100%         1%          1
b - Frozen Ramparts       Ice            78%          1%          3
c - Ozocubu's Armour      Ice            39%          1%          3
d - Summon Ice Beast      Ice/Summ       23%          19%         4
e - Hailstorm             Conj/Ice       29%          11%         4

Your spell library contained the following spells:

 Spells                   Type           Power        Failure   Level
 Beastly Appendage        Tmut           16%          9%          1
 Wereblood                Tmut           8%           12%         2
 Ice Form                 Ice/Tmut       23%          19%         4
 Spider Form              Tmut/Pois      4%           24%         3
 Blade Hands              Tmut           4%           92%         5


Dungeon Overview and Level Annotations

Branches:
Dungeon (6/15)
 Temple: D:4-7

Altars:
Okawaru
Qazlal
Ru
Vehumet


Message History

Beogh smites you!
The orc wizard mumbles some strange words.
The orc wizard blinks!
The orc wizard casts a spell.
The orc wizard blinks!
The orc wizard mumbles some strange words.
The orc wizard blinks!
The giant cockroach closely misses you. You block the orc priest's attack.
There is an open door here.
The orc priest calls down the wrath of Beogh upon you.
Beogh smites you!
* * * LOW HITPOINT WARNING * * *
Okay, then.
The giant cockroach bites you but does no damage.
The orc priest casts a cantrip, but nothing happens.
The giant cockroach completely misses you.
The orc priest invokes the aid of Beogh against you.
Beogh smites you!
You die...

...........o.#....#
...........o.#....#
.............#....#
.##...###...#####################
.##...###.oo####.##..............
.................................
.................................
...............B.................
.#####.##.##..##@.##...####.##...
###.##.##.##..##..###### #.##...
.....#.............. #......
.....#................ #......
.....'.................. #......
.##.##.##.####################...
.##+##.#######....###....##.#####
.................(...........#
................)............#


You could see an orc priest, an orc wizard and a giant cockroach.

Vanquished Creatures
  Sigmund (D:3)
  A water moccasin (D:5)
  An ogre (D:5)
  2 centaurs
  A bullfrog (D:6)
  A howler monkey (D:5)
  A bullfrog zombie (D:5)
  2 hounds (D:5)
  An orc priest (D:5)
  A centaur skeleton (D:5)
  A jelly (D:5)
  An iguana (D:6)
  A worker ant (D:4)
  3 gnolls
  4 adders
  A shadow imp (D:5)
  An ooze (D:2)
  2 dart slugs (D:1)
  5 worms
  A leopard gecko (D:1)
  10 orcs
  9 bats
  4 giant cockroaches
  6 goblins
  14 hobgoblins
  8 kobolds
  4 quokkas
  2 ball pythons (D:1)
  A ball python skeleton (D:5)
  10 frilled lizards
  A quokka zombie (D:5)
  12 rats
113 creatures vanquished.

Notes
Turn   | Place    | Note
-------+----------+-------------------------------------------
     0 | D:1      | bnorton916 the Deep Elf Ice Elementalist began the quest
                  | for the Orb.
     0 | D:1      | Reached XP level 1. HP: 10/10 MP: 6/6
   420 | D:1      | Reached XP level 2. HP: 15/15 MP: 5/8
  1011 | D:1      | Reached XP level 3. HP: 17/19 MP: 3/10
  1190 | D:1      | Learned a level 3 spell: Frozen Ramparts
  1194 | D:1      | Learned a level 3 spell: Ozocubu's Armour
  1737 | D:2      | Reached skill level 5 in Ice Magic
  1811 | D:2      | Noticed a fire elemental
  1816 | D:2      | Found a stormy altar of Qazlal.
  1818 | D:2      | Noticed an earth elemental
  1819 | D:2      | Noticed a water elemental
  1819 | D:2      | Noticed an air elemental
  2187 | D:2      | Reached XP level 4. HP: 24/24 MP: 8/12
  3249 | D:3      | Noticed Sigmund
  3282 | D:3      | Killed Sigmund
  3283 | D:3      | Reached skill level 5 in Spellcasting
  3283 | D:3      | Reached XP level 5. HP: 26/28 MP: 11/14
  3287 | D:3      | Reached XP level 6. HP: 19/32 MP: 10/16
  3436 | D:3      | You fall into a shaft and drop 3 floors!
  3446 | D:6      | Reached skill level 5 in Dodging
  3681 | D:5      | Entered Level 5 of the Dungeon
  3688 | D:5      | Reached XP level 7. HP: 29/36 MP: 18/18
  4017 | D:5      | Learned a level 4 spell: Summon Ice Beast
  4022 | D:5      | Learned a level 4 spell: Hailstorm
  4316 | D:3      | Found a faded altar of an unknown god.
  4375 | D:3      | Found a radiant altar of Vehumet.
  4378 | D:3      | Found a sacrificial altar of Ru.
  4386 | D:3      | Found an iron altar of Okawaru.
  4461 | D:3      | Became a worshipper of Vehumet
  4974 | D:4      | Reached skill level 1 in Conjurations
  5588 | D:4      | Found an iron altar of Okawaru.
  6330 | D:5      | Reached XP level 8. HP: 41/41 MP: 20/20
  6498 | D:5      | Killed from afar by an orc priest

Illustrated notes

Levels and vault maps discovered:
D:1:      dpeg_arrival_long_road, layout_basic, minmay_misc_feat_columns,
          minmay_heptomino_w4
D:2:      layout_rooms, nicolae_qazlal_style_of_elements
D:3:      layout_basic, minmay_overflow_temple_star_quad,
          chequers_ecumenical_altar_grove, minmay_cut_off, uniq_sigmund
D:4:      layout_loops_cross, kennysheep_okawaru_gauntlet
D:5:      layout_gridville, serial_glass, glass_columns_b, glass_columns_b
D:6:      layout_basic, serial_shops, kennysheep_mini_moat, fedhas_altar_2

Skill      XL: |  1  2  3  4  5  6  7 |
---------------+----------------------+-----
Dodging        | 3 4 5 6 |  6.9
Spellcasting   | 4 5 6 7 |  7.2
Ice Magic      | 5 6 7 |  7.1
Conjurations   | 2 |  2.5
Stealth        | |  2.4

Action                   |  1- 3 |  4- 6 |  7- 9 || total
-------------------------+-------+-------+-------++-------
Melee: Unarmed           |     2 |       |       ||     2
       Short sword       |    30 |    71 |    80 ||   181
       Dagger            |       |       |    25 ||    25
 Cast: Freeze            |    46 |     5 |     1 ||    52
       Frozen Ramparts   |     3 |     7 |    10 ||    20
       Ozocubu's Armour  |     1 |     1 |     2 ||     4
  Use: Scroll            |       |     7 |       ||     7
 Stab: Sleeping          |     7 |     3 |     9 ||    19
Armor: Robe              |    12 |    17 |    16 ||    45
Dodge: Dodged            |    37 |    60 |    84 ||   181
Block: Other             |       |    13 |    26 ||    39
